 Dungeon Crawl Stone Soup version bcrawl-1.27.8b (webtiles) character file.

Game seed: 5096243082699439900

295963 LostNumber the Cudgeler (level 9, -3/55 HPs)
             Began as a Gargoyle Archaeologist on Nov 9, 2020.
             Was an Initiate of Gozag.
             Slain by a two-headed ogre
             ... wielding a +0 giant club
              (15 damage)
             ... on level 6 of the Dungeon.
             The game lasted 00:08:33 (4856 turns).

LostNumber the Cudgeler (Gargoyle Archaeologist)    Turns: 4856, Time: 00:08:33

Health: -3/55      AC: 17    Str: 24    XL:     9   Next: 13%
Magic:  9/9        EV: 16    Int: 15    God:    Gozag
Gold:   796        SH:  4    Dex:  8    Spells: 8/8 levels left

rFire    + . .     SeeInvis .   q - +3 hand axe
rCold    . . .     Gourm    .   (no shield)
rNeg     + . .     Faith    .   z - +0 ring mail
rPois    ∞         Spirit   .   n - +2 hat
rElec    +         Reflect  +   (no cloak)
rCorr    .         Harm     .   (no gloves)
MR       .....                  L - +1 pair of boots
Stlth    ++........             f - amulet of Ydotin Ucvu {Reflect Fragile rF+ Str+6 SH+4 Stlth+}
HPRegen  0.18/turn              o - +5 ring of evasion
MPRegen  0.11/turn              l - ring of insulation

@: studying Armour
A: negative energy resistance 1, electricity resistance, unbreathing,
petrification resistance, rot immunity, AC +6
a: Potion Petition, Call Merchant, Bribe Branch, Renounce Religion


You were on level 6 of the Dungeon.
You worshipped Gozag.
Gozag was pleased with you.
You were hungry.

You visited 1 branch of the dungeon, and saw 6 of its levels.
You also visited: Sewer.

You collected 878 gold pieces.
You paid 82 gold pieces to Gozag.

Inventory:

Hand Weapons
 a - a +0 whip
 i - a +2 dagger of flaming
   (You found it on level 2 of the Dungeon)
 k - a -2 hand axe
   (You found it on level 1 of the Dungeon)
 p - a +0 war axe
   (You took it off a goblin on level 2 of the Dungeon)
 q - a +3 hand axe (weapon)
   (You found it on level 2 of the Dungeon)
 E - a +1 flail of holy wrath
   (You took it off an orc on level 4 of the Dungeon)
Missiles
 y - a throwing net {=f!f}
Armour
 b - a +1 robe
 c - a +1 hat
 n - a +2 hat (worn)
   (You found it on level 2 of the Dungeon)
 z - a +0 ring mail (worn)
   (You found it on level 3 of the Dungeon)
 A - a +0 medium shield
   (You found it on level 4 of the Dungeon)
 L - a +1 pair of boots (worn)
Jewellery
 f - the amulet of Ydotin Ucvu (around neck) {Reflect Fragile rF+ Str+6 SH+4 Stlth+}
   (You acquired it on level 3 of the Dungeon)

   [amulet of reflection]

   It shields you and reflects attacks.
   It affects your strength (+6).
   It protects you from fire.
   It will be destroyed if unequipped.
   It affects your SH (+4).
   It makes you more stealthy.
 l - a ring of insulation (right hand)
   (You found it on level 2 of the Dungeon)
 o - a +5 ring of evasion (left hand)
   (You found it on level 2 of the Dungeon)
 N - an uncursed amulet of guardian spirit {unknown}
   (You found it on level 6 of the Dungeon)
Wands
 d - a wand of iceblast (9)
   (You found it on level 5 of the Dungeon)
 s - a wand of polymorph (7)
   (You found it on level 3 of the Dungeon)
 t - a wand of flame (20)
   (You found it on level 4 of the Dungeon)
 B - a wand of random effects (8)
   (You found it on level 4 of the Dungeon)
Scrolls
 g - 3 scrolls of magic mapping
 m - 6 scrolls of identify {@r1}
 u - 3 scrolls of remove curse {@r2}
 v - a scroll of teleportation {unknown}
 C - a scroll of fear {unknown}
 D - 3 scrolls of enchant weapon {unknown}
 K - a scroll of vulnerability {unknown}
Potions
 h - 2 potions of might {unknown}
 j - a potion of lignification {unknown}
 r - a potion of degeneration {unknown}
 w - 6 potions of curing {unknown}
 x - 3 potions of haste {unknown}
 F - 4 potions of heal wounds {unknown}
 G - 2 potions of brilliance {unknown}
 H - 3 potions of agility {unknown}
 I - 2 potions of flight {unknown}
 J - a potion of cancellation {unknown}
Books
 M - a manual of Armour {!d}
   (You found it on level 5 of the Dungeon)
Comestibles
 e - 6 rations {!d!d}


   Skills:
 + Level 5.8 Fighting
 * Level 7.6 Maces & Flails
 + Level 6.6 Armour
 - Level 2.4 Dodging
 - Level 3.6 Stealth
 + Level 4.4 Shields


You had 8 spell levels left.
You didn't know any spells.
Your spell library was empty.

Dungeon Overview and Level Annotations

Branches:
Dungeon (6/12)
 Temple: D:4-7

Altars:
Cheibriados
Dithmenos
Gozag
Hepliaklqana
Lugonu
Ru
Yredelemnul


Innate Abilities, Weirdness & Mutations

You are resistant to torment.
Your stone body is resilient. (AC +6)
You are immune to poison.
You resist negative energy. (rN+)
You are resistant to electric shocks. (rElec)
You can survive without breathing.
You are immune to petrification.
You are immune to rotting.


Message History

You open the large door.
There is a large open door here.
Found a scroll labeled OTOBYC LUMOENG.
There is a large open door here.
Found an escape hatch in the ceiling.
D - 3 scrolls labeled OTOBYC LUMOENG (gained 1)
Found 27 gold pieces.
There is an open door here.
You now have 796 gold pieces (gained 27).
Found 162 stones.
Found a scroll of remove curse.
Found a stone staircase leading down.
You see here 162 stones.
u - 3 scrolls of remove curse {@r2} (gained 1)
There is a stone staircase leading down here.
A two-headed ogre comes into view. It is wielding two +0 giant clubs.
You have encountered a dangerous foe!
The two-headed ogre shouts in stereo!
Okay, then.
You hit the two-headed ogre. The two-headed ogre misses you. x2
You barely miss the two-headed ogre.
The two-headed ogre hits you with a +0 giant club! x2
You slash the two-headed ogre!
The two-headed ogre hits you with a +0 giant club.
* * * LOW HITPOINT WARNING * * *
The two-headed ogre misses you.
You completely miss the two-headed ogre.
The two-headed ogre misses you.
The two-headed ogre completely misses you.
You slash the two-headed ogre!
Unknown command.
You slash the two-headed ogre!
The two-headed ogre barely misses you. x2
You hit the two-headed ogre.
The two-headed ogre hits you with a +0 giant club!
* * * LOW HITPOINT WARNING * * *
The two-headed ogre barely misses you.
You closely miss the two-headed ogre. You block the two-headed ogre's attack.
The two-headed ogre misses you.
You hit the two-headed ogre but do no damage.
The two-headed ogre closely misses you. x2
You hit the two-headed ogre.
You hit the two-headed ogre but do no damage.
The two-headed ogre hits you with a +0 giant club!
* * * LOW HITPOINT WARNING * * *
The two-headed ogre completely misses you.
The hungry ghost barely misses you.
You slash the two-headed ogre! You hit the hungry ghost.
The two-headed ogre hits you with a +0 giant club!
You die...
Your body crumbles into a pile of gold.

. ## ## #. #. .# #.
#. .# #. #.###O##.###
..###. #...@W......
...... #..##.....##
#######.
#..###########.......
#.>...(........#####.
###.#.#######..#.....
#.#..........##..#.
..'................
####.........#.##(#.
#...........#.##.#.


You could see a two-headed ogre and a hungry ghost.

Vanquished Creatures
  A hungry ghost (D:6)
  An ice beast (D:6)
  2 ogres
  A black bear (D:5)
  2 phantoms (D:6)
  2 sky beasts (D:6)
  A centaur (D:5)
  2 big kobolds (Sewer)
  A scorpion (D:6)
  3 wights (D:6)
  A bullfrog zombie (D:5)
  A jelly (D:6)
  2 orc priests (D:3)
  A bullfrog skeleton (D:6)
  2 orc wizards
  An iguana (D:4)
  5 worker ants
  A gnoll (D:1)
  10 adders
  3 shadow imps
  3 oozes
  An adder zombie (D:6)
  4 worms
  3 dart slugs
  6 leopard geckos
  11 orcs
  7 ball pythons
  7 giant cockroaches
  11 goblins
  10 hobgoblins
  8 jackals
  19 kobolds
  4 quokkas
  9 bats
  2 frilled lizards (D:2)
  14 rats
  A spectral orc (D:5)
163 creatures vanquished.

Vanquished Creatures (others)
  An orc (D:3)
1 creature vanquished.

Grand Total: 164 creatures vanquished

Notes
Turn   | Place    | Note
-------+----------+-------------------------------------------
     0 | D:1      | LostNumber the Gargoyle Archaeologist began the quest for
                  | the Orb.
     0 | D:1      | Reached XP level 1. HP: 12/12 MP: 1/1
   227 | D:1      | Reached skill level 1 in Armour
   227 | D:1      | Reached XP level 2. HP: 14/16 MP: 2/2
   256 | D:1      | Reached skill level 2 in Maces & Flails
   342 | D:1      | Reached XP level 3. HP: 20/21 MP: 3/3
  1178 | D:2      | Reached XP level 4. HP: 24/26 MP: 4/4
  1474 | D:2      | Found a corrupted altar of Lugonu.
  1831 | D:3      | Reached skill level 3 in Maces & Flails
  1956 | D:3      | Reached XP level 5. HP: 31/31 MP: 5/5
  1956 | D:3      | Identified a scroll of acquirement
  1962 | D:3      | Identified the amulet of Ydotin Ucvu {Reflect Fragile rF+
                  | Str+6 SH+4 Stlth+} (You acquired it on level 3 of the
                  | Dungeon)
  2354 | D:3      | Reached skill level 4 in Maces & Flails
  2364 | D:3      | Reached XP level 6. HP: 37/37 MP: 6/6
  2492 | D:3      | Found an opulent altar of Gozag.
  2897 | D:4      | Found a snail-covered altar of Cheibriados.
  2963 | D:4      | Reached skill level 1 in Shields
  2963 | D:4      | Reached XP level 7. HP: 14/42 MP: 7/7
  3309 | D:4      | Noticed a shadow
  3310 | D:4      | Found a shadowy altar of Dithmenos.
  3311 | D:4      | Found a hazy altar of Hepliaklqana.
  3434 | D:3      | Became a worshipper of Gozag Ym Sagoz the Greedy
  3447 | D:5      | Entered Level 5 of the Dungeon
  3494 | D:5      | Found a sacrificial altar of Ru.
  3502 | D:5      | Reached skill level 5 in Maces & Flails
  3518 | D:5      | Found a glowing drain.
  3541 | Sewer    | Entered a sewer
  4010 | D:5      | Found a basalt altar of Yredelemnul.
  4166 | D:5      | Noticed a hungry ghost
  4183 | D:5      | Reached skill level 6 in Maces & Flails
  4183 | D:5      | Reached XP level 8. HP: 34/48 MP: 8/8
  4422 | D:6      | Reached skill level 5 in Fighting
  4422 | D:6      | Reached skill level 5 in Armour
  4584 | D:6      | Reached skill level 7 in Maces & Flails
  4656 | D:6      | Reached XP level 9. HP: 47/54 MP: 9/9
  4843 | D:6      | Noticed a two-headed ogre
  4856 | D:6      | Slain by a two-headed ogre

Skill      XL: |  1  2  3  4  5  6  7  8 |
---------------+-------------------------+-----
Armour         | 1 2 3 4 6 |  6.6
Maces & Flails | 2 3 4 6 7 |  7.6
Fighting       | 2 3 4 5 |  5.8
Shields        | 1 2 4 |  4.4
Dodging        | |  2.4
Stealth        | |  3.6

Action                   |  1- 3 |  4- 6 |  7- 9 || total
-------------------------+-------+-------+-------++-------
Melee: Whip              |    68 |       |       ||    68
       Hand axe          |    79 |   202 |   321 ||   602
       Dagger            |       |     6 |       ||     6
  Use: Scroll            |     1 |     2 |     1 ||     4
 Stab: Sleeping          |    10 |     3 |     7 ||    20
       Paralysed         |       |       |     1 ||     1
  Eat: Chunk             |     5 |    12 |     2 ||    19
       Ration            |       |       |     5 ||     5
Armor: Robe              |    59 |    20 |       ||    79
       Ring mail         |       |    42 |   114 ||   156
Dodge: Dodged            |   122 |   164 |   200 ||   486
Block: Other             |       |    31 |    42 ||    73
       Reflection        |       |     2 |       ||     2
